 Dungeon Crawl Stone Soup version 0.26-a0-651-gb41185065b (webtiles) character file.

Game seed: 1697443208719906781

18 Azzok the Shield-Bearer (level 2, 0/24 HPs)
             Began as a Demonspawn Fighter on Oct 18, 2020.
             Succumbed to a kobold's poison
             ... on level 1 of the Dungeon.
             The game lasted 00:01:00 (300 turns).

Azzok the Shield-Bearer (Demonspawn Fighter)         Turns: 300, Time: 00:01:01

Health: 0/24       AC:  8    Str: 16    XL:     2   Next: 51%
Magic:  2/2        EV:  9    Int:  9    God:
Gold:   19         SH:  4    Dex: 12    Spells: 1/1 levels left

rFire    . . .     SeeInvis .   h - +0 dagger (venom)
rCold    . . .     Faith    .   g - +0 buckler
rNeg     . . .     Spirit   .   a - +0 scale mail
rPois    .         Reflect  .   (no helmet)
rElec    .         Harm     .   (no cloak)
rCorr    .         Rampage  .   (no gloves)
MR       .....                  (no boots)
Stlth    ..........             (no amulet)
HPRegen  0.08/turn              (no ring)
MPRegen  0.08/turn              (no ring)

@: lethally poisoned (0 -> -3)
A: slimy green scales 1
a: no special abilities


You were on level 1 of the Dungeon.
You visited 1 branch of the dungeon, and saw 1 of its levels.

You collected 19 gold pieces.

Inventory:

Hand Weapons
 h - a +0 dagger of venom (weapon)
Armour
 a - a +0 scale mail (worn)
 b - a +0 kite shield
 g - a +0 buckler (worn)
Scrolls
 d - a scroll of teleportation {unknown}
 e - a scroll of enchant weapon {unknown}
 f - a scroll of magic mapping {unknown}
Potions
 c - a potion of might


   Skills:
 - Level 3.0 Fighting
 - Level 2.6 Armour
 + Level 3.1 Shields
 + Level 2.3 Unarmed Combat


You had one spell level left.
You didn't know any spells.
Your spell library was empty.

Dungeon Overview and Level Annotations

Branches:
Dungeon (1/15)

Altars:


Innate Abilities, Weirdness & Mutations

You are partially covered in slimy green scales. (AC +2)


Message History

* * * LOW HITPOINT WARNING * * *
You feel sick.
Okay, then.
* * * LOW HITPOINT WARNING * * *
You feel sick.
* * * LOW HITPOINT WARNING * * *
You feel sick.
* * * LOW HITPOINT WARNING * * *
You feel sick.
Found a stone staircase leading down.
* * * LOW HITPOINT WARNING * * *
You feel sick.
* * * LOW HITPOINT WARNING * * *
You feel sick.
Found a pair of gloves.
* * * LOW HITPOINT WARNING * * *
You feel sick.
There is a stone staircase leading down here.
Found 13 gold pieces.
You die...

··▒ ···· ··▒ ···· ▒· ··▒
····· ▒·▒ ▒ ··▒ ·····
▒·▒ ·▒ ··▒······ ▒·▒ ·▒
··▒······ ▒·▒▒▒·▒▒▒▒·
········· ▒·▒········
·†▒▒▒▒▒▒▒▒▒▒▒▒·▒······▒
··········▒▒····@··[··▒
·············>·▒······▒
▒···$··▒▒·▒·······▒··$··
▒·········▒··▒·······▒▒▒
▒)·····▒▒▒▒▒·▒▒▒▒·▒·▒▒
▒†▒▒▒···▒ ··· ·▒·▒ ▒·▒
▒···▒·▒▒·▒· ·▒ ▒
▒·▒▒▒▒··▒··▒·▒·▒ ·▒
(·▒········▒·▒ ▒


There were no monsters in sight!

Vanquished Creatures
  An ooze (D:1)
  2 dart slugs (D:1)
  4 jackals (D:1)
  A bat (D:1)
  2 kobolds (D:1)
  2 rats (D:1)
12 creatures vanquished.

Notes
Turn   | Place    | Note
-------+----------+-------------------------------------------
     0 | D:1      | Azzok the Demonspawn Fighter began the quest for the Orb.
     0 | D:1      | Reached XP level 1. HP: 18/18 MP: 1/1
   224 | D:1      | Gained mutation: You are partially covered in slimy green
                  | scales. (AC +2) [demonic ancestry]
   224 | D:1      | Reached XP level 2. HP: 24/24 MP: 2/2
   297 | D:1      | HP: 1/24 [poisoned by a kobold]
   300 | D:1      | Succumbed to a kobold's poison

Illustrated notes

Levels and vault maps discovered:
D:1:      evilmike_arrival_hilbert_curve, layout_basic

Skill      XL: |  1 |
---------------+----+-----
Unarmed Combat | 2 |  2.3
Shields        | 3 |  3.1
Fighting       | |  3.0
Armour         | |  2.6

Action                   || total
-------------------------++-------
Melee: Unarmed           ||    65
Armor: Scale mail        ||    26
Dodge: Dodged            ||    28
Block: Kite shield       ||     7
       Buckler           ||    11

Table legend: (Time is in decaauts)
 A = Elapsed time spent in this place.
 B = Non-inter-level travel time spent in this place.
 C = Inter-level travel time spent in this place.
 D = Time resting spent in this place.
 E = Time spent auto-exploring this place.
 F = Levels seen in this place.
 G = Mean time per level.
                   A        B        C        D        E       F      G
               +--------+--------+--------+--------+--------+-----+--------+
         Total |    297 |    297 |      0 |      0 |    154 |   1 |  297.0 |
       Dungeon |    297 |    297 |      0 |      0 |    154 |   1 |  297.0 |
               +--------+--------+--------+--------+--------+-----+--------+

Top non-repeatable levels by time:
     D:1: 297 daAuts
